 Dungeon Crawl Stone Soup version 0.31.0-12-g77e489cdc1 (webtiles) character file.

Game seed: 13426319977965372117

41663 DemonSlayer the Thaumaturge (level 13, 0/85 (90) HPs)
             Began as a Demonspawn Earth Elementalist on Mar 4, 2024.
             Was an Elder of Dithmenos.
             Killed by mirror damage (15 damage)
             ... on level 15 of the Dungeon.
             The game lasted 00:44:37 (20039 turns).

DemonSlayer the Thaumaturge (DsEE)                 Turns: 20039, Time: 00:44:37

HP:   0/85 (90)     AC: 21    Str:  9    XL:     13   Next: 81%
MP:   13/29         EV: 20    Int: 16    God:    Dithmenos [****..]
Gold: 403           SH:  0    Dex: 18    Spells: 11/36 levels left

rFire   . . .        h - +9 rapier (elec)
rCold   . . .        (no shield)
rNeg    . . .        j - +3 leather armour {rPois}
rPois   +            (helmet restricted)
rElec   .            k - +0 cloak
rCorr   .            r - +0 pair of gloves
SInv    .            (no boots)
Will    .....        C - amulet of magic regeneration
Stlth   ++++         t - ring of poison resistance
HPRegen 0.34/turn    G - +5 ring of evasion
MPRegen 0.61/turn

%: no passive effects
@: sanguine armoured, wreathed by umbra, drained
A: antennae 2, foul stench 3, powered by death 1, sanguine armour 3
a: Renounce Religion, Shadow Step


You were on level 15 of the Dungeon.
You worshipped Dithmenos.
Dithmenos was greatly pleased with you.
You visited 3 branches of the dungeon, and saw 19 of its levels.
You also visited: Sewer and Bailey.

You collected 1274 gold pieces.
You spent 871 gold pieces at shops.

Inventory:

Hand Weapons
 h - a +9 rapier of electrocution (weapon)
Missiles
 p - 7 curare-tipped darts (quivered)
Armour
 j - a +3 leather armour of poison resistance (worn)
 k - a +0 cloak (worn)
 l - +2 ice dragon scales
 r - a +0 pair of gloves (worn)
Jewellery
 t - a ring of poison resistance (left hand)
 C - an amulet of magic regeneration (around neck)
 G - a +5 ring of evasion (right hand)
 H - a +6 ring of intelligence
 K - a ring of ice
 L - an amulet of guardian spirit
Wands
 e - a wand of flame (48)
 u - a wand of mindburst (6)
 v - a wand of digging (6)
 x - a wand of roots (8)
 y - a wand of charming (9)
 P - a wand of light (1)
Scrolls
 a - 2 scrolls of enchant weapon
 i - 2 scrolls of amnesia
 n - a scroll of immolation
 s - 5 scrolls of identify
 z - a scroll of fear
 D - a scroll of vulnerability
 E - 4 scrolls of noise
 F - 2 scrolls of torment
 I - 3 scrolls of enchant armour
 J - 2 scrolls of revelation
 M - 3 scrolls of poison {unknown}
Potions
 b - a potion of mutation
 c - 3 potions of enlightenment
 f - 9 potions of curing
 m - 3 potions of might
 o - 3 potions of brilliance
 q - 5 potions of cancellation
 w - 2 potions of lignification
 B - 2 potions of attraction
 O - a potion of haste


   Skills:
 + Level 4.5 Fighting
 + Level 4.6 Short Blades
 + Level 0.4 Throwing
 + Level 4.6 Armour
 + Level 6.2 Dodging
 + Level 5.0 Stealth
 + Level 12.3 Spellcasting
 + Level 10.8 Conjurations
 + Level 12.0 Earth Magic
 + Level 2.2 Evocations


You had 11 spell levels left.
You knew the following spells:

 Your Spells              Type           Power      Damage    Failure   Level
a - Sandblast             Erth           96%        2d20      1%          1
b - Stone Arrow           Conj/Erth      92%        3d12      1%          3
c - Petrify               Alch/Erth      29%        N/A       8%          4
d - Blink                 Tloc           18%        N/A       14%         2
e - Passwall              Erth           48%        N/A       1%          3
f - Brom's Barrelling Bo  Conj/Erth      46%        2d6       1%          4
g - Fulminant Prism       Conj/Alch      13%        3d9       10%         4
h - Summon Blazeheart Go  Fire/Summ      9%         N/A       67%         4

Your spell library contained the following spells:

 Spells                   Type           Power      Damage    Failure   Level
 Magic Dart               Conj           100%       1d8       1%          1
 Momentum Strike          Conj/Tloc      54%        3d9       1%          2
 Searing Ray              Conj           88%        2d7       1%          2
 Hailstorm                Conj/Ice       27%        3d8       3%          3
 Summon Small Mammal      Summ           36%        N/A       10%         1
 Ensorcelled Hibernation  Hex/Ice        18%        N/A       14%         2
 Jinxbite                 Hex            18%        N/A       14%         2
 Lesser Beckoning         Tloc           18%        N/A       14%         2
 Call Canine Familiar     Summ           9%         N/A       28%         3
 Fugue of the Fallen      Necr           9%         N/A       28%         3
 Summon Ice Beast         Ice/Summ       9%         N/A       28%         3
 Tukima's Dance           Hex            9%         N/A       28%         3
 Anguish                  Hex/Necr       4%         N/A       67%         4
 Passage of Golubria      Tloc           9%         N/A       67%         4
 Summon Mana Viper        Hex/Summ       9%         N/A       95%         5
 Yara's Violent Unravell  Hex/Alch       4%         3d4       95%         5
 Sculpt Simulacrum        Ice/Alch       4%         N/A       100%        6
 Enfeeble                 Hex            4%         N/A       100%        7
 Monstrous Menagerie      Summ           4%         N/A       100%        7


Dungeon Overview and Level Annotations

Branches:
Dungeon (15/15)            Temple (1/1) D:5            Lair (3/5) D:9
  Swamp (0/4) Lair:2          Orc (0/2) D:11          Sewer (visited)
 Bailey (visited)
  Snake: Lair:2-3    Spider: Lair:2-3    Vaults: D:13-14     Depths: D:15

Altars:
Ashenzari
Cheibriados
Dithmenos
Fedhas
Gozag
Hepliaklqana
Kikubaaqudgha
Makhleb
Nemelex Xobeh
Okawaru
Qazlal
Ru
Sif Muna
Trog
Uskayaw
Vehumet
Wu Jian
Xom
Yredelemnul

Shops:
D:6 (=   D:8 !   D:14 !

Annotations:
D:9 2 transporters, Gadfly's ghost, novice SpEn
D:14 2 transporters
D:15 Josephine; Louise
Temple 4 transporters


Innate Abilities, Weirdness & Mutations

You have a pair of antennae on your head.
You frequently emit foul miasma when damaged in melee.
You regenerate a little health from kills.
When seriously injured, your blood forms very thick armour. (AC +12)


Message History

Aim: a wraith (heavily damaged, umbra, 76% to hit)
The stone arrow hits the wraith!
The wraith is severely damaged.
The death knight hits you but does no damage.
The wraith hits you.
* * * LOW HITPOINT WARNING * * *
You emit a cloud of foul miasma!
Unknown command.
Unknown command.
Unknown command.
Casting: Stone Arrow (safe; 1% risk of failure)
Confirm with . or Enter, or press ? or * to list all spells.
Aiming: Stone Arrow (safe; 1% risk of failure)
Press: ? - help, Shift-Dir - straight line, f/p - wraith
Aim: a wraith (foul pestilence, severely damaged, umbra, 76% to hit)
The stone arrow hits the wraith!
You destroy the wraith!
Dithmenos accepts your kill.
The death knight hits you from afar with a +4 halberd.
* * * LOW HITPOINT WARNING * * *
Unknown command.
Casting: Stone Arrow (safe; 1% risk of failure)
Confirm with . or Enter, or press ? or * to list all spells.
Aiming: Stone Arrow (safe; 1% risk of failure)
Press: ? - help, Shift-Dir - straight line, f - death knight
Aim: a death knight, wielding a +4 halberd and wearing a +0 chain mail (moderately wounded, reflecting injuries, umbra, 76% to hit)
The stone arrow hits the death knight but does no damage.
The death knight is moderately wounded.
Unknown command.
Unknown command.
Unknown command.
Casting: Stone Arrow (safe; 1% risk of failure)
Confirm with . or Enter, or press ? or * to list all spells.
Aiming: Stone Arrow (safe; 1% risk of failure)
Press: ? - help, Shift-Dir - straight line, f/p - death knight
Aim: a death knight, wielding a +4 halberd and wearing a +0 chain mail (moderately wounded, reflecting injuries, umbra, 76% to hit)
The stone arrow hits the death knight!!
The death knight is severely wounded.
The death knight reflects your damage back at you!
You die...

#.#.#.####
########.##
#.........
.........
#.#.#.####
.......#
#.#.....
......
#.######
....####
#.....<.
......
####...
#######[#.###
#...
.......@....#
{ ##..
#.....#.#.#.#
##. #....
#☼#.# #. #...
#p#.# { #(
#.. #W#.# #
#. #. #z#.#.#
#@ # #.#.#.#
{#@ #.....# {
#( ###.### #
{ ##'


You could see a death knight (reflects damage), a skeletal warrior and a wraith.

Vanquished Creatures
  A catoblepas (D:14)
  5 boulder beetles
  3 centaur warriors
  2 ogre magi (D:15)
  A hydra (Lair:2)
  A death knight (D:14)
  7 two-headed ogres
  Sonja (Lair:2)
  Pikel (D:7)
  A phantasmal warrior (D:14)
  An orc knight (D:14)
  2 deep elf pyromancers (D:13)
  A deep elf zephyrmancer (D:13)
  4 elephants
  5 cyclopes
  6 ugly things
  A black mamba (shapeshifter) (D:14)
  2 black mambas (Lair:1)
  2 cane toads
  An unseen horror (D:9)
  A kobold demonologist (D:12)
  2 komodo dragons
  5 trolls
  4 hornets
  5 blink frogs
  Prince Ribbit (D:6)
  4 slime creatures (D:15)
  2 spriggans (Bailey)
  9 wraiths
  Eustachio (D:6)
  17 yaks
  3 wyverns
  Grum (D:8)
  4 steam dragons
  8 vampire mosquitoes
  A basilisk (Lair:2)
  2 swamp worms (Lair:2)
  An acid dragon (D:14)
  8 water moccasins
  Duvessa (D:6)
  2 sky beasts
  4 orc warriors
  6 black bears (Lair:1)
  4 wolves
  12 centaurs
  11 ogres
  2 phantoms
  10 kobold brigands
  2 gnoll sergeants
  4 scorpions
  10 bullfrogs
  A wight (D:6)
  Dowan (D:6)
  15 killer bees
  3 howler monkeys
  An electric eel (D:13)
  3 hounds
  3 jellies (D:6)
  3 orc priests
  2 sleepcaps
  Crazy Yiuf (D:6)
  2 gnoll boudas
  5 iguanas (D:6)
  Terence (D:2)
  20 orc wizards
  23 gnolls
  13 adders
  2 river rats (D:3)
  3 shadow imps
  5 white imps
  6 ufetubi
  A dart slug (D:4)
  2 ribbon worms (D:2)
  57 orcs
  7 endoplasms
  3 giant cockroaches
  7 hobgoblins
  5 jackals
  18 kobolds
  4 quokkas
  3 training dummies (D:6)
  13 ball pythons
  8 bats
  3 frilled lizards
  9 goblins
  8 rats
456 creatures vanquished.

Notes
Turn   | Place    | Note
-------+----------+-------------------------------------------
     0 | D:1      | DemonSlayer the Demonspawn Earth Elementalist began the
                  | quest for the Orb.
     0 | D:1      | Reached XP level 1. HP: 13/13 MP: 3/3
   251 | D:1      | Gained mutation: You may rarely emit foul miasma when
                  | damaged in melee. [demonic ancestry]
   251 | D:1      | Reached XP level 2. HP: 19/19 MP: 1/5
   642 | D:2      | Noticed Terence
   909 | D:3      | Gained mutation: When seriously injured, your blood forms
                  | armour. (AC +12) [demonic ancestry]
   909 | D:3      | Reached XP level 3. HP: 5/24 MP: 0/7
  1001 | D:3      | Found a glowing drain.
  1014 | Sewer    | Entered a sewer
  1019 | Sewer    | Learned a level 3 spell: Stone Arrow
  1065 | Sewer    | Noticed a kobold brigand
  1079 | Sewer    | Killed a kobold brigand
  1080 | Sewer    | Gained mutation: When seriously injured, your blood forms
                  | thick armour. (AC +12) [demonic ancestry]
  1080 | Sewer    | Reached XP level 4. HP: 12/30 MP: 1/9
  1402 | Sewer    | Noticed a kobold brigand
  1405 | Sewer    | Killed a kobold brigand
  1406 | Sewer    | Gained mutation: You have a pair of small antennae on your
                  | head. [demonic ancestry]
  1406 | Sewer    | Reached XP level 5. HP: 34/36 MP: 0/10
  2047 | D:3      | Noticed a phantom
  2055 | D:3      | Killed a phantom
  2056 | D:3      | Reached XP level 6. HP: 25/42 MP: 2/12
  2168 | D:3      | Learned a level 4 spell: Petrify
  2523 | D:4      | Noticed a steam dragon
  2537 | D:4      | Killed a steam dragon
  2538 | D:4      | Reached skill level 1 in Fighting
  2538 | D:4      | Reached skill level 5 in Earth Magic
  2711 | D:4      | Found an opulent altar of Gozag.
  3038 | D:4      | Gained mutation: You regenerate a little health from kills.
                  | [demonic ancestry]
  3038 | D:4      | Reached XP level 7. HP: 48/48 MP: 4/13
  3581 | D:5      | Entered Level 5 of the Dungeon
  3834 | D:5      | Reached skill level 5 in Spellcasting
  4297 | D:5      | Found a staircase to the Ecumenical Temple.
  4414 | D:5      | Learned a level 2 spell: Blink
  4418 | D:5      | Learned a level 3 spell: Passwall
  4490 | D:2      | Killed Terence
  4786 | D:2      | Found a faded altar of an unknown god.
  5936 | D:6      | Noticed Prince Ribbit
  5955 | D:6      | Killed Prince Ribbit
  5956 | D:6      | Gained mutation: You have a pair of antennae on your head.
                  | [demonic ancestry]
  5956 | D:6      | Reached XP level 8. HP: 54/54 MP: 5/16
  6050 | D:6      | Reached skill level 1 in Short Blades
  6896 | D:6      | Noticed a boulder beetle
  6907 | D:6      | Killed a boulder beetle
  6908 | D:6      | Reached skill level 1 in Evocations
  6908 | D:6      | Gained mutation: You sometimes emit foul miasma when
                  | damaged in melee. [demonic ancestry]
  6908 | D:6      | Reached XP level 9. HP: 6/62 MP: 17/19
  7588 | D:6      | Found Kumuunamp's Jewellery Shoppe.
  7652 | D:6      | Found a runed translucent door.
  7653 | D:6      | Noticed Crazy Yiuf
  7753 | D:6      | Noticed Eustachio
  7757 | D:6      | Killed Eustachio
  7758 | D:6      | Reached skill level 5 in Conjurations
  7795 | D:6      | Noticed Duvessa
  7808 | D:6      | Killed Duvessa
  7810 | D:6      | Noticed Dowan
  7811 | D:6      | Killed Dowan
  7983 | D:6      | Found Vaczady's Firing Range.
  7988 | D:6      | Bought a throwing net for 30 gold pieces
  7988 | D:6      | Bought a throwing net for 30 gold pieces
  8149 | D:6      | Killed Crazy Yiuf
  8455 | Temple   | Found a transporter.
  8455 | Temple   | Found a transporter.
  8455 | Temple   | Found a transporter.
  8455 | Temple   | Found a transporter.
  8455 | Temple   | Entered the Ecumenical Temple
  8648 | D:7      | Noticed Pikel
  8661 | D:7      | Killed Pikel
  8662 | D:7      | Reached skill level 1 in Armour
  8662 | D:7      | Reached XP level 10. HP: 53/69 MP: 5/22
  9163 | D:7      | Learned a level 4 spell: Brom's Barrelling Boulder
  9188 | D:8      | Noticed Grum
  9197 | D:8      | Killed Grum
  9923 | D:8      | Found a stormy altar of Qazlal.
 10171 | D:8      | Found Yge Unod's Distillery.
 10180 | D:8      | Bought a potion of resistance for 130 gold pieces
 10180 | D:8      | Bought a potion of curing for 39 gold pieces
 10180 | D:8      | Bought a potion of magic for 104 gold pieces
 10180 | D:8      | Bought a potion of cancellation for 104 gold pieces
 10616 | D:9      | Found a flagged portal.
 10619 | Bailey   | Entered a bailey
 10886 | Bailey   | Noticed a two-headed ogre
 10967 | Bailey   | Killed a two-headed ogre
 11077 | D:9      | Gained mutation: When seriously injured, your blood forms
                  | very thick armour. (AC +12) [demonic ancestry]
 11077 | D:9      | Reached XP level 11. HP: 26/75 MP: 23/23
 11081 | D:10     | Entered Level 10 of the Dungeon
 11487 | D:10     | Found a shadowy altar of Dithmenos.
 11502 | D:10     | Noticed a two-headed ogre
 11513 | D:10     | Killed a two-headed ogre
 11518 | D:10     | Became a worshipper of Dithmenos the Shadowed
 12129 | D:10     | Found an ancient bone altar of Kikubaaqudgha.
 12137 | D:10     | Found an ornate altar of the Wu Jian Council.
 12149 | D:10     | Found a bloodstained altar of Trog.
 12155 | D:10     | Found a shimmering blue altar of Sif Muna.
 12163 | D:10     | Found a burning altar of Makhleb.
 12168 | D:10     | Found a hide-covered altar of Uskayaw.
 12176 | D:10     | Learned a level 4 spell: Fulminant Prism
 12182 | D:10     | Learned a level 4 spell: Summon Blazeheart Golem
 12319 | D:9      | Reached * piety under Dithmenos
 12364 | D:9      | Reached skill level 5 in Dodging
 12627 | D:9      | Found a staircase to the Lair.
 12660 | D:9      | Found a transporter.
 12663 | D:9      | Noticed a six-headed hydra
 12669 | D:9      | Found a transporter.
 12673 | D:9      | Noticed Gadfly's ghost (novice SpEn)
 12918 | Lair:1   | Entered Level 1 of the Lair of Beasts
 12985 | Lair:1   | Identified the +1 battleaxe of Lust {holy, *Rage rC++}
 13045 | Lair:1   | Noticed a boulder beetle
 13317 | Lair:1   | Killed a boulder beetle
 13318 | Lair:1   | Reached skill level 10 in Earth Magic
 13827 | Lair:1   | Reached skill level 10 in Spellcasting
 14225 | Lair:2   | Reached XP level 12. HP: 38/83 MP: 3/26
 14516 | Lair:2   | Noticed a boulder beetle
 14527 | Lair:2   | Killed a boulder beetle
 14656 | Lair:2   | Noticed Sonja
 14664 | Lair:2   | Killed Sonja
 14763 | Lair:2   | Reached ** piety under Dithmenos
 15071 | Lair:2   | Noticed a six-headed hydra
 15077 | Lair:2   | Killed a six-headed hydra
 15150 | Lair:2   | Found a staircase to the Swamp.
 15595 | Lair:3   | Noticed a catoblepas
 16101 | D:11     | Noticed a two-headed ogre
 16115 | D:11     | Killed a two-headed ogre
 16146 | D:11     | Reached *** piety under Dithmenos
 16213 | D:11     | Found a staircase to the Orcish Mines.
 17042 | D:12     | Noticed a boulder beetle
 17050 | D:12     | Killed a boulder beetle
 17105 | D:12     | Gained mutation: You frequently emit foul miasma when
                  | damaged in melee. [demonic ancestry]
 17105 | D:12     | Reached XP level 13. HP: 89/89 MP: 21/28
 17912 | D:13     | Reached skill level 10 in Conjurations
 18253 | D:14     | Reached **** piety under Dithmenos
 18692 | D:14     | Found a transporter.
 18761 | D:14     | Reached skill level 5 in Stealth
 18820 | D:14     | Found a transporter.
 19097 | D:14     | Found Suyf's Distillery.
 19118 | D:14     | Bought a potion of invisibility for 112 gold pieces
 19118 | D:14     | Bought a potion of heal wounds for 70 gold pieces
 19118 | D:14     | Bought a potion of curing for 42 gold pieces
 19118 | D:14     | Bought a potion of haste for 140 gold pieces
 19118 | D:14     | Bought a potion of heal wounds for 70 gold pieces
 19326 | D:14     | Found a shimmering blue altar of Sif Muna.
 19554 | D:15     | Entered Level 15 of the Dungeon
 19956 | D:15     | Noticed Louise
 19956 | D:15     | Noticed Josephine
 20011 | D:15     | Identified the ring "Ytrurr" {Fire Int+3}
 20039 | D:15     | Killed by mirror damage

Illustrated notes

Levels and vault maps discovered:
D:1:      minmay_arrival_open_corners, layout_rooms, serial_park_tiny_pond
D:2:      wander_river, layout_loops_ring, serial_forest,
          infiniplex_forest_straight_3, infiniplex_forest_clump_small,
          infiniplex_forest_lined_room_2, infiniplex_forest_zigzag_2,
          infiniplex_forest_end_2, shapermc_ecumenical_altar_mp_vishouse,
          serial_bayou_lake_a, uniq_terence
D:3:      layout_basic, gup_sewer_entry_bubbles
D:4:      layout_loops_ring, grunt_temple_overflow_gold_and_silver
D:5:      layout_loops_ring, minmay_temple_entry_gardened_gates
D:6:      kennysheep_windowed_halls, layout_rooms, serial_shops, shop,
          nicolae_water_bricks, nicolae_shop_firing_range, uniq_eustachio,
          uniq_prince_ribbit1, uniq_duvessa, uniq_crazy_yiuf_cottage
D:7:      layout_basic, minmay_misc_feat_roman, kennysheep_generic_room_5,
          uniq_pikel
D:8:      layout_loops_corners, nicolae_qazlal_general_emergency, serial_rivers,
          chequers_serial_rivers_small_a, chequers_serial_rivers_large_a,
          chequers_serial_rivers_micro_e, chequers_serial_rivers_room_a,
          chequers_serial_rivers_room_a, chequers_serial_rivers_micro_b,
          serial_shops, shop, uniq_grum
D:9:      layout_rooms, grunt_lair_entry_orc_guard_hut,
          gammafunk_ghost_berserking_beasts, enter_bailey_6, minmay_between
D:10:     layout_roguey, mainiacjoe_overflow_boulevard,
          grunt_temple_overflow_octagram
D:11:     layout_gridville, kennysheep_orc_monster_closet_entryway
D:12:     layout_gridville
D:13:     layout_gridville, lightli_vaults_fourway_checkpoint,
          elves_outpost_lemuel
D:14:     gammafunk_worm_tunnel, layout_cave_pods, serial_shops,
          nicolae_shop_behind_doors, minmay_staircase_windowed_small,
          lemuel_blue_sif_altar
D:15:     grunt_enter_depths_magical_seal, layout_basic, serial_shops, shop,
          serial_glass, glass_columns_b, glass_columns_a, patterned_corridor,
          uniq_louise, uniq_josephine, uniq_jorgrun
Temple:   hellmonk_temple_divided_pantheon
Lair:1:   layout_cave_pods, serial_rivers, chequers_serial_rivers_small_a,
          chequers_serial_rivers_small_a, chequers_serial_rivers_marsh,
          chequers_serial_rivers_micro_c, beast_lair_carwin_10,
          infiniplex_staircase_pool_2
Lair:2:   layout_concentric_octagons, palyth_hydra_swamp_entry, uniq_sonja
Lair:3:   layout_gridlike, nicolae_spider_entry_lesser_pyramids,
          grunt_megastairs_3, infiniplex_staircase_pool, uniq_nessos

Skill      XL: |  1  2  3  4  5  6  7  8  9 10 11 12 13 |
---------------+----------------------------------------+-----
Earth Magic    | 3 4 5 7 9 10 11 12 | 12.0
Stealth        | 2 3 4 5 |  5.0
Spellcasting   | 3 4 5 6 8 10 11 12 | 12.3
Dodging        | 2 3 4 5 6 |  6.2
Fighting       | 1 2 3 4 |  4.5
Conjurations   | 2 4 5 7 8 9 10 | 10.8
Short Blades   | 1 2 3 4 |  4.6
Evocations     | 1 2 |  2.2
Armour         | 1 2 3 4 |  4.6
Throwing       | |  0.4

Action                     |  1- 3 |  4- 6 |  7- 9 | 10-12 | 13-15 || total
---------------------------+-------+-------+-------+-------+-------++-------
  Melee: Unarmed           |     1 |       |       |       |       ||     1
         Dagger            |     5 |    21 |    54 |       |       ||    80
         Rapier            |       |       |     1 |   130 |    35 ||   166
         Punch             |       |       |       |     2 |     1 ||     3
  Throw: Dart              |       |       |       |     1 |     3 ||     4
         Throwing net      |       |       |       |     2 |     3 ||     5
   Cast: Sandblast         |    43 |    49 |    31 |       |       ||   123
         Stone Arrow       |     2 |    25 |   150 |   412 |   152 ||   741
  Evoke: Wand              |       |       |    14 |     2 |     3 ||    19
    Use: Potion            |     2 |     1 |     3 |     5 |     6 ||    17
         Scroll            |       |       |    14 |    18 |     3 ||    35
   Stab: Sleeping          |     1 |       |     1 |     3 |       ||     5
         Distracted        |     1 |       |       |       |       ||     1
         Petrified         |       |       |       |       |     6 ||     6
 Armour: Robe              |    20 |    45 |    74 |       |       ||   139
         Leather armour    |       |       |    24 |   313 |    78 ||   415
  Dodge: Dodged            |    32 |    49 |    95 |   390 |   101 ||   667
